Map: Cyber Forest LE

Players

Cardnal - Winner!

  • Race: Zerg Zerg
  • League: Platinum
  • Spawn Location: 11:00

Mesrob

  • Race: Terran Terran
  • League: Platinum
  • Spawn Location: 5:00

VOD

Have the link to the VOD?

Description

Time

  • Played on: July 10, 2019, 3:28 p.m.
  • Length: 7:16
Show
View Real Time Build Order
Export as new Build Order

Cardnal Zerg - Winner!

Build Orders: Hatch First 

Get SALT Encoding   

  12  0:01  Drone  
  13  0:08  Drone  
  14  0:16  Overlord  
  14  0:34  Drone x2  
  14  0:35  Drone  
  17  0:47  Drone  
  18  0:57  Hatchery  
  18  1:00  Drone  
  18  1:15  Spawning Pool  
  18  1:18  Drone  
  18  1:24  Extractor, Drone  
  18  1:30  Drone  
  19  1:53  Drone x2  
  20  2:18  Extractor  
  20  2:19  Queen x2  
  20  2:21  Drone x4  
  27  2:23  Overlord  
  27  2:31  Overlord  
  27  2:45  Drone x3  
  27  2:48  Metabolic Boost  
  30  2:54  Baneling Nest  
  29  3:03  Queen x2  
  33  3:06  Drone  
  33  3:08  Drone  
  35  3:17  Drone x3  
  38  3:29  Spore Crawler  
  38  3:32  Drone x3  
  38  3:33  Spore Crawler  
  39  3:38  Drone x3  
  39  3:39  Drone  
  43  3:56  Zergling x2  
  43  3:59  Overlord  
  43  4:00  Overlord x3  
  44  4:06  Lair  
  44  4:31  Zergling x2  
  44  4:32  Zergling x12  
  51  4:49  Zergling x2  
  51  4:50  Zergling x10  
  57  5:03  Zergling x2  
  57  5:04  Zergling x4  
  60  5:14  Baneling  
  60  5:15  Baneling x4  
  60  5:16  Baneling  
  60  5:17  Baneling x2  
  60  5:19  Zergling x16  
  68  5:29  Zergling x4  
  66  5:56  Zergling x16  
  57  6:11  Zergling x6  
  59  6:19  Baneling  
  59  6:20  Baneling x2  
  59  6:28  Zergling x6  
Show
View Real Time Build Order
Export as new Build Order

Mesrob Terran 

Build Orders: Mech 

Get SALT Encoding   

  12  0:00  SCV  
  13  0:13  SCV  
  14  0:17  Supply Depot  
  14  0:25  SCV  
  15  0:40  SCV  
  16  0:44  Barracks  
  16  0:47  Refinery  
  16  0:53  SCV  
  17  1:05  SCV  
  18  1:17  SCV  
  19  1:38  Orbital Command  
  19  1:44  Command Center  
  19  2:02  Marine  
  19  2:03  Factory  
  19  2:08  SCV  
  21  2:12  Refinery  
  21  2:20  Barracks Tech Lab  
  21  2:25  SCV  
  22  2:49  Bunker  
  22  2:58  Engineering Bay  
  22  3:01  Siege Tank  
  22  3:02  Marine  
  22  3:05  Orbital Command  
  26  3:09  SCV  
  27  3:21  SCV  
  27  3:23  Supply Depot  
  28  3:30  Supply Depot  
  28  3:32  SCV  
  28  3:34  SCV  
  30  3:41  Siege Tank  
  30  3:45  Supply Depot, SCV  
  30  3:46  SCV  
  35  3:50  Armory  
  35  4:08  Supply Depot  
  35  4:15  Factory  
  35  4:23  Factory  
  35  4:33  Refinery  
  35  4:34  SCV x2  
  37  4:44  Command Center  
  37  4:46  SCV x2  
  37  4:52  Thor  
  39  4:58  SCV x2  
  47  5:08  Factory  
  47  5:10  Terran Vehicle Weapons Level 1  
  47  5:21  Refinery  
  47  5:22  SCV  
  47  5:23  SCV  
  47  5:26  Factory Reactor  
  49  5:34  SCV  
  49  5:35  SCV, Armory  
  51  5:46  SCV  
  51  5:48  SCV  
  45  6:09  Thor  
  45  6:10  Hellbat x2  
  24  6:51  Hellbat x2  
Tags
 
Composition
Mech
Matchup
TvZ
Replay Pack
sc2 replays
Spawn Locations
Cross Positions
Add a new tag
Caveats
  • Supply blocks, unpowered buildings, or Contaminate may cause inaccurate times.
  • Supply counts are checked every 10 seconds.